Map: Interloper LE

Players

KhalDrogo - Winner!

  • Race: Protoss Protoss
  • League: Platinum
  • Spawn Location: 11:00

Metasapien

  • Race: Zerg Zerg
  • League: Platinum
  • Spawn Location: 5:00

VOD

Have the link to the VOD?

Description

Time

  • Played on: Sept. 24, 2017, 11:39 p.m.
  • Length: 12:08
Show
View Real Time Build Order
Export as new Build Order

KhalDrogo Protoss - Winner!

Build Orders:  

Get SALT Encoding   

  12  0:02  Probe (Chrono Boost)  
  13  0:13  Probe (Chrono Boost)  
  14  0:20  Pylon  
  14  0:24  Probe (Chrono Boost)  
  15  0:39  Probe (Chrono Boost)  
  16  0:49  Probe (Chrono Boost)  
  17  1:00  Probe (Chrono Boost)  
  18  1:07  Nexus  
  18  1:17  Gateway  
  18  1:25  Pylon  
  18  1:44  Probe (Chrono Boost)  
  19  1:53  Gateway  
  19  1:54  Probe (Chrono Boost)  
  19  1:58  Assimilator  
  20  2:01  Assimilator  
  20  2:06  Pylon  
  20  2:11  Zealot (Chrono Boost)  
  20  2:13  Cybernetics Core  
  21  2:16  Probe  
  22  2:27  Probe  
  22  2:28  Probe  
  24  2:37  Probe  
  24  2:40  Probe  
  26  2:55  Mothership Core, Zealot (Chrono Boost)  
  32  2:59  Zealot (Chrono Boost)  
  32  3:05  Warp Gate (Chrono Boost)  
  32  3:07  Probe  
  33  3:15  Probe  
  34  3:21  Twilight Council, Probe  
  34  3:25  Probe  
  35  3:33  Probe  
  37  3:36  Probe  
  37  3:40  Adept (Chrono Boost)  
  42  3:43  Adept (Chrono Boost)  
  42  3:46  Probe  
  42  3:47  Probe  
  44  3:52  Pylon  
  44  3:59  Resonating Glaives (Chrono Boost), Pylon  
  44  4:06  Probe  
  44  4:08  Probe  
  46  4:13  Assimilator  
  46  4:17  Probe  
  46  4:18  Pylon  
  46  4:20  Probe  
  48  4:25  Dark Shrine  
  44  4:45  Probe  
  44  4:46  Probe  
  46  4:53  Gateway  
  46  4:54  Gateway  
  46  4:55  Gateway  
  44  5:03  Pylon  
  44  5:06  Assimilator  
  42  5:15  Adept  
  42  5:16  Adept  
  42  5:18  Probe  
  42  5:20  Probe  
  46  5:29  Probe  
  46  5:30  Robotics Facility  
  46  5:32  Probe (Chrono Boost)  
  48  5:37  Adept x2  
  52  5:49  Adept x3  
  52  6:13  Probe x2 (Chrono Boost)  
  52  6:22  Adept x5  
  52  6:25  Probe (Chrono Boost)  
  61  6:32  Pylon  
  61  6:35  Warp Prism  
  61  6:36  Nexus  
  61  6:37  Probe x2 (Chrono Boost), Pylon  
  61  6:39  Pylon  
  65  6:42  Stalker x2  
  69  6:51  Forge  
  69  6:53  Pylon  
  69  6:56  Probe x2 (Chrono Boost)  
  71  7:09  Dark Templar x3  
  71  7:12  Dark Templar  
  75  7:51  Dark Templar x2  
  75  7:52  Dark Templar  
  75  7:53  Adept x2  
  85  8:22  Adept x2  
  73  8:51  Adept x3  
  73  8:52  Adept x2  
  83  8:56  Probe x2 (Chrono Boost)  
  77  9:15  Adept x4  
  81  9:17  Adept  
  75  9:36  Adept  
  75  9:37  Adept x3  
  83  9:39  Probe x3 (Chrono Boost)  
  83  9:42  Pylon  
  83  9:44  Pylon  
  80  9:45  Protoss Ground Weapons Level 1 (Chrono Boost)  
  76  9:56  Forge  
  76  9:57  Gateway  
  76  9:59  Gateway  
  76  10:01  Probe x2 (Chrono Boost)  
  76  10:02  Dark Templar  
  76  10:03  Gateway, Dark Templar  
  76  10:04  Gateway  
  76  10:06  Gateway  
  76  10:07  Pylon  
  82  10:10  Pylon  
  82  10:11  Pylon  
  86  10:14  Immortal (Chrono Boost)  
  86  10:16  Charge  
  86  10:20  Probe  
  86  10:22  Probe  
  88  10:31  Adept x3  
  94  10:37  Adept  
  94  10:39  Probe  
  94  10:40  Probe x2  
  99  10:52  Probe  
  99  10:56  Robotics Bay  
  100  10:59  Robotics Facility  
  100  11:05  Pylon  
  100  11:11  Adept x2  
  100  11:12  Adept x2  
  108  11:50  Zealot x3  
  108  11:51  Zealot x3  
  120  12:01  Zealot x3  
Show
View Real Time Build Order
Export as new Build Order

Metasapien Zerg 

Build Orders: Pool First 

Get SALT Encoding   

  12  0:15  Drone  
  12  0:17  Overlord  
  13  0:29  Drone  
  14  0:37  Spawning Pool  
  14  0:38  Drone  
  14  0:43  Drone  
  14  0:48  Drone  
  16  0:59  Drone  
  17  1:18  Drone  
  17  1:24  Extractor  
  17  1:39  Zergling x4  
  19  1:43  Hatchery  
  18  1:47  Roach Warren  
  18  1:50  Queen  
  19  2:02  Spine Crawler  
  18  2:14  Drone  
  18  2:15  Drone  
  20  2:17  Overlord  
  20  2:31  Extractor  
  20  2:32  Overlord  
  19  2:38  Drone  
  20  2:48  Roach  
  20  3:04  Roach x2  
  24  3:10  Roach x2  
  28  3:14  Drone  
  29  3:23  Drone  
  29  3:26  Roach  
  32  3:31  Drone  
  33  3:39  Drone x2  
  35  3:50  Drone  
  35  3:54  Drone  
  37  3:58  Roach  
  37  4:02  Queen  
  39  4:07  Ravager  
  39  4:08  Ravager  
  43  4:14  Overlord x2  
  34  4:56  Roach  
  34  4:57  Roach x6  
  43  5:14  Drone  
  43  5:19  Ravager  
  45  5:22  Hatchery  
  45  5:25  Drone x2  
  45  5:26  Drone  
  47  5:32  Drone x4  
  51  5:40  Extractor  
  41  6:10  Roach x3  
  41  6:11  Roach x5  
  49  6:25  Queen  
  49  6:28  Drone  
  49  6:29  Drone x5  
  57  6:48  Roach x2  
  57  6:49  Roach x2  
  65  6:55  Pneumatized Carapace  
  65  6:56  Overlord x3  
  65  6:57  Overlord  
  65  7:04  Overlord x2  
  65  7:10  Lair  
  65  7:18  Queen  
  65  7:19  Drone x2  
  65  7:20  Overlord x2  
  69  7:25  Extractor  
  69  7:26  Drone  
  69  7:27  Drone x2  
  69  7:40  Roach x5  
  79  7:45  Drone  
  80  8:02  Drone x2  
  80  8:03  Drone  
  60  8:14  Overseer  
  60  8:17  Spore Crawler  
  60  8:18  Spore Crawler  
  52  8:25  Roach x4  
  52  8:26  Overseer  
  52  8:31  Hatchery  
  43  8:34  Extractor  
  43  8:35  Extractor  
  31  8:56  Roach  
  31  8:59  Zergling x4  
  31  9:01  Zergling x6  
  19  9:43  Queen  
  17  9:49  Drone  
  17  9:53  Queen  
  17  9:58  Drone  
  20  10:02  Drone  
  21  10:07  Drone  
  21  10:12  Drone  
  23  10:18  Drone  
  24  10:24  Drone  
  25  10:31  Drone x2  
  27  10:36  Drone  
  27  10:39  Drone  
  27  10:42  Drone  
  30  10:47  Drone  
  32  10:50  Drone  
  32  10:57  Drone  
  32  10:59  Drone x2  
  32  11:02  Drone  
  36  11:05  Drone  
  36  11:09  Drone  
  36  11:11  Drone  
  39  11:24  Zergling x2, Extractor  
  39  11:25  Zergling x6  
  33  11:37  Zergling x2  
  33  11:38  Zergling x6  
Tags
 
Add a new tag
Caveats
  • Supply blocks, unpowered buildings, or Contaminate may cause inaccurate times.
  • Supply counts are checked every 10 seconds.